 Dungeon Crawl Stone Soup version 0.24-a0-479-g9a978d2 (webtiles) character file.

Game seed: 10089336450579104643

1852 Espgualade the Destroyer (level 9, -21/45 HPs)
             Began as a Tengu Ice Elementalist on July 8, 2019.
             Was an Initiate of Vehumet.
             Killed by the air
             ... invoked by a blizzard demon
              (27 damage)
             ... on level 3 of the Abyss.
             The game lasted 00:22:47 (6445 turns).

Espgualade the Destroyer (Tengu Ice Elementalist)   Turns: 6445, Time: 00:22:47

Health: -21/45     AC:  2    Str: 10      XL:     9   Next: 12%
Magic:  19/19      EV: 16    Int: 20      God:    Vehumet [......]
Gold:   212        SH:  0    Dex: 10 (14) Spells: 6/20 levels left

rFire    . . .     SeeInvis .   e - +1 quarterstaff (holy)
rCold    . . .     Gourm    .   (shield currently unavailable)
rNeg     . . .     Faith    .   a - +0 robe
rPois    .         Spirit   .   (helmet restricted)
rElec    .         Reflect  .   (no cloak)
rCorr    +         Harm     .   (no gloves)
MR       .....                  (boots unavailable)
Stlth    ++........             f - amulet of regeneration
HPRegen  0.55/turn              l - +2 ring of intelligence
MPRegen  0.16/turn              p - ring of resist corrosion

@: flying quickly and evasively, very slightly contaminated, invisible
(expiring), quick
A: beak, talons 3, able to fly
a: Stop Flying, Renounce Religion


You were on level 3 of the Abyss.
You worshipped Vehumet.
Vehumet was noncommittal.
You were not hungry.

You visited 2 branches of the dungeon, and saw 10 of its levels.
You visited the Abyss 1 time.

You collected 412 gold pieces.
You spent 200 gold pieces at shops.

Inventory:

Hand Weapons
 d - a +1 dagger
 e - a +1 quarterstaff of holy wrath (weapon)
Armour
 a - a +0 robe (worn)
Jewellery
 f - an amulet of regeneration (around neck)
 l - a +2 ring of intelligence (left hand)
 o - an uncursed ring of protection from magic {unknown}
 p - a ring of resist corrosion (right hand)
Wands
 j - a wand of random effects (16)
 n - a wand of digging (5)
 q - a wand of polymorph (11)
 u - a wand of enslavement (7)
Scrolls
 g - 2 scrolls of amnesia
 h - 2 scrolls of enchant weapon
 i - 6 scrolls of remove curse
 k - 5 scrolls of identify
 r - a scroll of fog
Potions
 b - 2 potions of curing
 m - a potion of might
 s - a potion of invisibility
 t - a potion of brilliance
Comestibles
 c - 8 rations


   Skills:
 - Level 5.1 Dodging
 - Level 2.0 Stealth
 - Level 6.1 Spellcasting
 + Level 9.5 Conjurations
 - Level 5.0 Ice Magic


You had 6 spell levels left.
You knew the following spells:

 Your Spells              Type           Power        Failure   Level  Hunger
a - Freeze                Ice            ####         1%          1    None
b - Throw Frost           Conj/Ice       #####.       1%          2    None
c - Ozocubu's Armour      Chrm/Ice       ###.....     11%         3    ##.....
d - Throw Icicle          Conj/Ice       #####...     5%          4    ####...
e - Summon Ice Beast      Ice/Summ       ###.....     36%         4    ####...

Your spell library contained the following spells:

 Spells                   Type           Power        Failure   Level  Hunger
 Shock                    Conj/Air       ####         1%          1    None
 Static Discharge         Conj/Air       ####....     4%          3    ##.....
 Swiftness                Chrm/Air       #.......     16%         2    None
 Lightning Bolt           Conj/Air       ####......   38%         5    #####..
 Airstrike                Air            #.........   71%         4    ####...
 Cause Fear               Hex            #.........   71%         4    ####...
 Silence                  Hex/Air        #.........   96%         5    #####..
 Yara's Violent Unravell  Hex/Tmut       #.........   96%         5    #####..
 Deflect Missiles         Chrm/Air       #.........   100%        6    #######
 Discord                  Hex            #.........   100%        8    #######


Dungeon Overview and Level Annotations

Branches:
Dungeon (9/15)             Temple (1/1) D:6
   Lair: D:8-11         Orc: D:9-12

Altars:
Ashenzari
Cheibriados
Dithmenos
Elyvilon
Fedhas
Gozag
Hepliaklqana
Kikubaaqudgha
Makhleb
Okawaru
Qazlal
Ru
Sif Muna
Trog
Uskayaw
Vehumet
Wu Jian
Xom
Yredelemnul
Zin
The Shining One

Shops:
D:4 }

Annotations:
D:7 Joseph
D:8 Psyche


Innate Abilities, Weirdness & Mutations

You have a beak for a mouth.
You have claws for feet.
You can fly continuously.


Message History

Found 25 stones.
You see here 25 stones.
A blizzard demon comes into view.
The blizzard demon gestures at you. The bolt of cold misses you.
The blizzard demon gestures at you. The freezing blast misses you.
Found a gateway leading deeper into the Abyss.
The blizzard demon gestures at you. The freezing blast misses you.
* * * LOW HITPOINT WARNING * * *
The blizzard demon is engulfed in freezing vapours.
The blizzard demon is engulfed in freezing vapours.
You flicker for a moment.
The blizzard demon is engulfed in freezing vapours.
There is a gateway leading deeper into the Abyss here.
The blizzard demon waves its arms in wide circles.
The air twists around and violently strikes you in flight!
Ouch! That really hurt!
You die...

.#.##. #..#
..#...#.#.# ##
#.......#.#... .
........ ..#.#
####....#...#..
#.@###...#☼#. #.
#.#....2# ○..# ##.#
#.#...##°e##.#..#..
#..#....#○○..e.....
#.......#.##.☼...#.#.
#.#.#.#####.#.#(#..##
..#..### ###. #.....#
. ####.....###..
..... ... ..##......


You could see a blizzard demon and a deep elf mage.

Vanquished Creatures
  Menkaure (D:6)
  2 sky beasts
  4 ogres
  An ice beast (D:7)
  A centaur (D:8)
  A big kobold (D:8)
  A bullfrog (D:7)
  A scorpion (D:6)
  2 howler monkeys
  2 crimson imps
  A centaur zombie (D:8)
  A bullfrog skeleton (D:4)
  2 jellies
  An orc priest (D:7)
  2 hounds
  6 orc wizards
  3 worker ants
  6 adders
  8 gnolls
  A shadow imp (D:5)
  An ooze (D:3)
  An adder skeleton (D:4)
  A worm (D:5)
  7 dart slugs
  4 leopard geckos
  21 orcs
  4 giant cockroaches
  10 goblins
  11 hobgoblins
  10 jackals (D:1)
  3 quokkas
  A ball python (D:8)
  7 bats
  6 frilled lizards
  A giant cockroach zombie (D:6)
  A jackal skeleton (D:4)
  5 kobolds
  A leopard gecko skeleton (D:5)
  A quokka skeleton (D:9)
  9 rats
152 creatures vanquished.

Vanquished Creatures (others)
  A deep elf mage (Abyss:3)
  2 starspawn tentacles (Abyss:2)
3 creatures vanquished.

Grand Total: 155 creatures vanquished

Notes
Turn   | Place    | Note
-------+----------+-------------------------------------------
     0 | D:1      | Espgualade the Tengu Ice Elementalist began the quest for
                  | the Orb.
     0 | D:1      | Reached XP level 1. HP: 10/10 MP: 4/4
   143 | D:1      | Reached XP level 2. HP: 15/15 MP: 3/6
   415 | D:1      | Reached XP level 3. HP: 16/19 MP: 4/7
  1404 | D:2      | Reached XP level 4. HP: 24/24 MP: 4/8
  1795 | D:2      | Learned a level 2 spell: Throw Frost
  1799 | D:2      | Learned a level 3 spell: Ozocubu's Armour
  1991 | D:3      | Reached skill level 5 in Ice Magic
  2047 | D:3      | Gained mutation: You can fly continuously. [Tengu growth]
  2047 | D:3      | Reached XP level 5. HP: 26/28 MP: 6/9
  2807 | D:4      | Noticed a sky beast
  2823 | D:4      | Killed a sky beast
  2823 | D:4      | Reached XP level 6. HP: 23/32 MP: 5/10
  2858 | D:4      | Reached skill level 5 in Dodging
  3305 | D:4      | Reached XP level 7. HP: 27/36 MP: 0/13
  3548 | D:4      | Found Cewi Cif's Gadget Shoppe.
  3556 | D:4      | Bought a wand of digging (6) for 200 gold pieces
  3612 | D:5      | Entered Level 5 of the Dungeon
  3918 | D:5      | Reached skill level 5 in Spellcasting
  3944 | D:5      | Learned a level 4 spell: Throw Icicle
  4580 | D:6      | Found a staircase to the Ecumenical Temple.
  4599 | Temple   | Entered the Ecumenical Temple
  4683 | Temple   | Became a worshipper of Vehumet
  4744 | D:6      | Reached XP level 8. HP: 41/41 MP: 10/17
  4775 | D:6      | Found a white marble altar of Elyvilon.
  4788 | D:6      | Noticed Menkaure
  4935 | D:6      | Killed Menkaure
  4935 | D:6      | Reached skill level 3 in Conjurations
  5094 | D:6      | Reached skill level 4 in Conjurations
  5450 | D:7      | Noticed Joseph
  5508 | D:7      | Reached skill level 5 in Conjurations
  5542 | D:7      | Reached skill level 6 in Conjurations
  5609 | D:7      | Learned a level 4 spell: Summon Ice Beast
  5726 | D:7      | Reached skill level 7 in Conjurations
  5754 | D:7      | You are sucked into a shaft and drop 2 floors!
  5883 | D:8      | Reached skill level 8 in Conjurations
  5965 | D:8      | Reached skill level 9 in Conjurations
  5965 | D:8      | Reached XP level 9. HP: 7/45 MP: 7/19
  6189 | D:8      | Noticed Psyche
  6249 | D:8      | Cast into level 1 of the Abyss (Psyche)
  6287 | Abyss:1  | Noticed a wretched star
  6351 | Abyss:2  | Noticed a wretched star
  6364 | Abyss:2  | Noticed a tentacled starspawn
  6408 | Abyss:3  | Noticed a smoke demon
  6408 | Abyss:3  | Noticed a statue
  6408 | Abyss:3  | Noticed a smoke demon
  6409 | Abyss:3  | Noticed a deep elf mage
  6409 | Abyss:3  | Noticed a deep elf mage
  6412 | Abyss:3  | Noticed a deep elf mage
  6412 | Abyss:3  | Noticed a deep elf mage
  6414 | Abyss:3  | Noticed a smoke demon
  6427 | Abyss:3  | Killed a deep elf mage
  6433 | Abyss:3  | Noticed a blizzard demon
  6445 | Abyss:3  | Killed from afar by a blizzard demon

Levels and vault maps discovered:
D:1:      ncdulo_lavacross, layout_basic
D:2:      layout_basic, minmay_bisected
D:3:      layout_loops_ring, first_ration
D:4:      layout_cave_pools, serial_shops,
          nicolae_shop_temple_entry_statues_fountains
D:5:      layout_loops_ring
D:6:      layout_basic, minmay_temple_entry_hall, nicolae_sextant,
          minmay_statues_item, elyvilon_altar_5, uniq_menkaure
D:7:      layout_basic, nemelex_xobeh_ov_fountains_minmay, uniq_joseph
D:8:      layout_loops_cross, uniq_psyche
D:9:      layout_cave_pods, serial_shops, shop
Temple:   compressed_dpeg_circular_temple
Abyss:3:  evilmike_abyss_exit_smiterflies

Skill      XL: |  1  2  3  4  5  6  7  8 |
---------------+-------------------------+-----
Ice Magic      | 3 4 5 |  5.0
Dodging        | 4 5 |  5.1
Spellcasting   | 3 5 6 |  6.1
Conjurations   | 9 |  9.5
Stealth        | |  2.0

Action                   |  1- 3 |  4- 6 |  7- 9 || total
-------------------------+-------+-------+-------++-------
Melee: Dagger            |    68 |    66 |       ||   134
       Kick              |    21 |    18 |    19 ||    58
       Unarmed           |     1 |       |       ||     1
       Peck              |     9 |     9 |    17 ||    35
       Quarterstaff      |       |    10 |    92 ||   102
 Cast: Freeze            |    27 |    61 |    58 ||   146
       Throw Frost       |       |     1 |    37 ||    38
       Throw Icicle      |       |       |     5 ||     5
       Ozocubu's Armour  |       |       |     3 ||     3
 Abil: Fly               |       |     1 |       ||     1
Evoke: Wand              |       |       |     2 ||     2
  Use: Scroll            |     4 |     2 |     5 ||    11
       Potion            |       |     8 |     4 ||    12
 Stab: Sleeping          |     3 |     2 |     5 ||    10
  Eat: Chunk             |     2 |     6 |     6 ||    14
       Ration            |       |       |     2 ||     2
Armor: Robe              |    19 |    20 |    23 ||    62
Dodge: Dodged            |    50 |    84 |   113 ||   247

Table legend:
 A = Non-vault XP
 B = Vault XP
 C = Vault XP percentage of total XP
 D = Non-vault monster count
 E = Vault monster count
 F = Vault count percentage of total count
                 A         B        C        D         E       F
            +---------+---------+-------+---------+---------+-------
      Total |    2478 |     169 |   6.4 |     149 |       3 |   2.0
            +---------+---------+-------+---------+---------+-------
        D:1 |      55 |       0 |   0.0 |      30 |       0 |   0.0
        D:2 |      47 |       4 |   7.8 |      16 |       2 |  11.1
        D:3 |     110 |       0 |   0.0 |      30 |       0 |   0.0
        D:4 |     585 |       0 |   0.0 |      23 |       0 |   0.0
        D:5 |     279 |       0 |   0.0 |      16 |       0 |   0.0
        D:6 |     290 |     165 |  36.3 |      11 |       1 |   8.3
        D:7 |     484 |       0 |   0.0 |      11 |       0 |   0.0
        D:8 |     464 |       0 |   0.0 |       9 |       0 |   0.0
        D:9 |     164 |       0 |   0.0 |       3 |       0 |   0.0
            +---------+---------+-------+---------+---------+-------
